 Dungeon Crawl Stone Soup version 0.29.0-5-ge4962eb29e (webtiles) character file.

Game seed: 15194577224113469137

175849 greasedhog the End of an Era (level 18, -14/118 HPs)
             Began as a Gargoyle Fighter on Aug 29, 2022.
             Was the Champion of Qazlal.
             Demolished by a nagaraja
             ... wielding a +0 whip
              (33 damage)
             ... on level 3 of the Snake Pit.
             The game lasted 01:01:55 (37419 turns).

greasedhog the End of an Era (Gargoyle Fighter)    Turns: 37419, Time: 01:01:56

Health: -14/118    AC: 33    Str: 38    XL:     18   Next: 11%
Magic:  23/31      EV: 10    Int:  9    God:    Qazlal [******]
Gold:   1470       SH: 20    Dex: 11    Spells: 15/17 levels left

rFire   + + +      SeeInvis +   a - +9 demon whip (freeze)
rCold   + . .      Faith    .   c - +0 kite shield {reflect}
rNeg    + . .      Spirit   .   v - +2 scale mail {Will+}
rPois   ∞          Reflect  +   m - +1 helmet
rElec   +          Harm     .   g - +1 cloak
rCorr   .          Rampage  .   l - +1 pair of gloves
Will    +++..                   e - +0 pair of boots
Stlth   +.........              i - amulet "Cepusium" {Acrobat *Slow rF+++ Str+7 Slay-3}
HPRegen 0.29/turn               Y - ring of Nac Ymit {Will+ Str+5 SInv Stlth+}
MPRegen 0.22/turn               N - ring of protection from cold

@: protected from electricity, flying, slowed, constricted, repel missiles, very
slow
A: sickness immunity, AC +13, big wings, negative energy resistance 1,
electricity resistance, torment resistance 1, petrification resistance
a: Renounce Religion, Upheaval, Elemental Force, Disaster Area


You were on level 3 of the Snake Pit.
You worshipped Qazlal.
Qazlal was exalted by your worship.
You visited 5 branches of the dungeon, and saw 27 of its levels.
You also visited: Gauntlet.

You collected 3826 gold pieces.
You spent 2356 gold pieces at shops.

Inventory:

Hand Weapons
 a - a +9 demon whip of freezing (weapon)
Missiles
 w - 17 throwing nets (quivered)
Armour
 c - a +0 kite shield of reflection (worn)
 e - a +0 pair of boots (worn)
 g - a +1 cloak (worn)
 l - a +1 pair of gloves (worn)
 m - a +1 helmet (worn)
 u - a +0 kite shield
 v - a +2 scale mail of willpower (worn)
Jewellery
 b - a ring of protection from fire
 i - the amulet "Cepusium" (around neck) {Acrobat *Slow rF+++ Str+7 Slay-3}
   (You acquired it on level 2 of the Dungeon)

   [amulet of the acrobat]

   It increases your evasion while moving and waiting.
   Str:       It affects your strength (+7).
   Slay:      It affects your accuracy & damage with ranged weapons and melee
   (-3).
   rF:        It renders you almost immune to fire.
   *Slow:     It may slow you when you take damage.
 y - a ring of protection from fire
 F - a ring of positive energy
 N - a ring of protection from cold (right hand)
 Y - the ring of Nac Ymit (left hand) {Will+ Str+5 SInv Stlth+}
   (You bought it in a shop on level 3 of the Snake Pit)

   [ring of willpower]

   Str:       It affects your strength (+5).
   SInv:      It lets you see invisible.
   Will:      It increases your willpower.
   Stlth:     It makes you more stealthy.
Wands
 B - a wand of charming (21)
 Q - a wand of iceblast (20)
 S - a wand of quicksilver (7)
 U - a wand of mindburst (11)
 X - a wand of flame (11)
Scrolls
 d - 9 scrolls of teleportation
 f - 8 scrolls of fog
 h - 2 scrolls of immolation
 j - 2 scrolls of vulnerability
 k - 6 scrolls of blinking
 q - a scroll of magic mapping
 r - 5 scrolls of amnesia
 s - 3 scrolls of brand weapon
 x - 2 scrolls of silence
 K - 3 scrolls of enchant armour
 O - a scroll of poison
 T - 7 scrolls of identify
 W - a scroll of fear
Potions
 n - 2 potions of attraction
 o - 4 potions of lignification
 p - 2 potions of heal wounds
 z - 5 potions of magic
 A - 3 potions of mutation
 C - 4 potions of might
 E - 3 potions of ambrosia
 G - 5 potions of berserk rage
 H - a potion of invisibility
 I - 2 potions of resistance
 J - 2 potions of brilliance
 L - 2 potions of cancellation
 M - 5 potions of haste
 V - 4 potions of curing
Miscellaneous
 R - a lightning rod (4/4)


   Skills:
 * Level 14.9 Fighting
 - Level 12.0 Maces & Flails
 - Level 10.7 Armour
 - Level 10.0 Dodging
 - Level 13.6 Shields
 * Level 18.2 Invocations
 - Level 10.0 Evocations


You had 15 spell levels left.
You knew the following spells:

 Your Spells              Type           Power      Damage    Failure   Level
a - Blink                 Tloc           0%         N/A       88%         2

Your spell library contained the following spells:

 Spells                   Type           Power      Damage    Failure   Level
 Beastly Appendage        Tmut           0%         N/A       77%         1
 Freeze                   Ice            0%         1d3       77%         1
 Magic Dart               Conj           0%         1d3       77%         1
 Sandblast                Erth           0%         2d4       77%         1
 Scorch                   Fire           0%         2d5       88%         2
 Searing Ray              Conj           0%         2d4       88%         2
 Call Canine Familiar     Summ           0%         N/A       98%         3
 Conjure Flame            Conj/Fire      0%         6-21      98%         3
 Dazzling Flash           Conj/Hex       0%         N/A       98%         3
 Frozen Ramparts          Ice            0%         1d1       98%         3
 Gell's Gravitas          Tloc           0%         N/A       98%         3
 Ignite Poison            Fire/Tmut/Pois 0%         N/A       98%         3
 Lesser Beckoning         Tloc           0%         N/A       98%         3
 Ozocubu's Armour         Ice            0%         N/A       98%         3
 Portal Projectile        Hex/Tloc       0%         N/A       98%         3
 Stone Arrow              Conj/Erth      0%         3d7       98%         3
 Teleport Other           Tloc           0%         N/A       98%         3
 Tukima's Dance           Hex            0%         N/A       98%         3
 Animate Armour           Summ/Erth      0%         N/A       100%        4
 Corpse Rot               Necr/Pois/Air  0%         N/A       100%        4
 Flame Wave               Conj/Fire      0%         2d4       100%        4
 Fulminant Prism          Conj/Hex       0%         3d6       100%        4
 Hailstorm                Conj/Ice       0%         3d3       100%        4
 Ice Form                 Ice/Tmut       0%         N/A       100%        4
 Iskenderun's Mystic Bla  Conj/Tloc      0%         2d3       100%        4
 Leda's Liquefaction      Hex/Erth       0%         N/A       100%        4
 Petrify                  Tmut/Erth      0%         N/A       100%        4
 Sticky Flame             Conj/Fire      0%         2d3       100%        4
 Summon Ice Beast         Ice/Summ       0%         N/A       100%        4
 Blade Hands              Tmut           0%         N/A       100%        5
 Freezing Cloud           Conj/Ice/Air   0%         6-21      100%        5
 Irradiate                Conj/Tmut      0%         3d11      100%        5
 Manifold Assault         Tloc           0%         N/A       100%        5
 Metabolic Englaciation   Hex/Ice        0%         N/A       100%        5
 Dispersal                Tloc           0%         N/A       100%        6
 Simulacrum               Ice/Necr       0%         N/A       100%        6
 Starburst                Conj/Fire      0%         6d3       100%        6
 Summon Cactus Giant      Summ           0%         N/A       100%        6
 Lehudib's Crystal Spear  Conj/Erth      0%         10d2      100%        8
 Shatter                  Erth           0%         3d5*      100%        9
 Statue Form              Tmut/Erth      Unusable   N/A       N/A         6

Dungeon Overview and Level Annotations

Branches:
Dungeon (15/15)            Temple (1/1) D:7            Lair (5/5) D:8
  Swamp (0/4) Lair:3        Snake (4/4) Lair:3        Slime (0/5) Lair:4
    Orc (2/2) D:11            Elf (0/3) Orc:2        Vaults (0/5) D:13
 Depths (0/4) D:15        Gauntlet (visited)

Altars:
Dithmenos
Elyvilon
Fedhas
Gozag
Hepliaklqana
Nemelex Xobeh
Okawaru
Qazlal
Uskayaw
Vehumet
Yredelemnul
Jiyva

Shops:
D:2 :?:[(   Orc:1 [   Orc:2 *:*(*   Snake:2 *(   Snake:3 !=

Portals:
Pandemonium: Orc:2

Annotations:
D:8 2 transporters, RascalDebosk's ghost, novice HOFi


Innate Abilities, Weirdness & Mutations

You are immune to sickness and miasma.
Your stone body is resilient. (AC +13)
You are immune to poison.
Your large and strong wings let you fly.
You resist negative energy. (rN+)
You are resistant to electric shocks. (rElec)
You are resistant to unholy torment.
You are immune to petrification.


Message History

The nagaraja constricts you.
A naga comes into view. It is wielding a +0 hand axe.
The nagaraja hits you with a +0 whip!!
* * * LOW HITPOINT WARNING * * *
The nagaraja constricts you. The nagaraja casts a spell at you.
You resist with almost no effort.
A naga mage comes into view. It is wielding a +0 club.
You escape the nagaraja's grasp.
The nagaraja spits poison at you.
The splash of poison hits you but does no damage.
You resist.
The naga is engulfed in blazing flames.
The nagaraja hits you from afar with a +0 spear.
* * * LOW HITPOINT WARNING * * *
You feel as though you will be slow longer.
You block the nagaraja's attack. x2
The naga warrior spits poison at you.
The splash of poison hits you but does no damage.
You resist. The nagaraja spits poison at you.
The splash of poison is repelled.
You block the naga's attack. The naga misses you.
You fly upwards.
There is a stone staircase leading down here.
You hit the nagaraja but do no damage.
The nagaraja is lightly wounded.
You block the nagaraja's attack. The nagaraja grabs you.
The nagaraja constricts you.
You whack the nagaraja! You freeze the nagaraja.
The nagaraja is moderately wounded.
Your protection from electricity is fading.
The nagaraja is engulfed in blazing flames.
The nagaraja points at you and mumbles some strange words.
Your +0 kite shield of reflection reflects the poison arrow!
The poison arrow hits the nagaraja!!
The nagaraja partially resists.
The nagaraja is poisoned.
The nagaraja constricts you.
* * * LOW HITPOINT WARNING * * *
The nagaraja is engulfed in blazing flames.
The nagaraja hits you with a +0 whip!!
You die...

#
#.............###....#########
#
####...#......'...............
#...#......'......#########
##...#......'......#
#...##......###....#########
##...####''#####.............
#...####..°..................
##...# #......N○..............
##...##
#....☼@§...............
##...##
#..############..#≈≈###
##...##
#..############..#≈≈### #...##
#.............#..#≈≈##. ..)##
#.............#...≈≈... ...#
#..##############.≈≈.## ..##
#..## ♣♣♣.≈≈.♣♣ ).#
#...##########♣...≈≈... .##
#............#♣.∩.≈≈.8.


You could see a nagaraja (fast, strong, very poisoned).

Vanquished Creatures
  A nagaraja (Snake:4)
  An orc warlord (Orc:1)
  Azrael (Lair:3)
  Nessos (Lair:5)
  A minotaur (Gauntlet)
  2 ettins
  7 hydras
  A boulder beetle (D:14)
  A fire dragon (Lair:5)
  5 vault guards (D:13)
  2 salamander tyrants
  2 demonspawn (Orc:2)
  15 anacondas
  8 centaur warriors
  8 two-headed ogres
  8 naga warriors
  5 tengu warriors
  11 death yaks (Lair:5)
  7 orc high priests
  5 shock serpents
  16 naga sharpshooters
  A soul eater (Orc:2)
  2 salamander mystics (Snake:4)
  7 sea snakes (Snake:3)
  A deep troll (D:15)
  2 wizards
  5 naga ritualists
  2 swamp dragons
  A necromancer (D:15)
  5 deep elf pyromancers
  4 orc knights
  11 mana vipers
  6 orc sorcerers
  11 salamanders
  5 oklob plants (Lair:4)
  15 ugly things
  15 elephants
  4 manticores
  A moth of wrath (Gauntlet)
  3 cyclopes
  Maurice (Orc:2)
  3 guardian serpents
  12 naga magi
  A smoke demon (Gauntlet)
  41 black mambas
  2 molten gargoyles (D:12)
  5 cane toads
  2 torpor snails
  12 komodo dragons
  3 unseen horrors
  A kobold demonologist (D:14)
  2 tengu conjurers (D:13)
  An ice devil (Orc:2)
  3 rime drakes
  6 yaktaurs
  2 red devils
  8 trolls
  A wind drake (shapeshifter) (D:14)
  9 polar bears (Lair:5)
  5 slime creatures (D:12)
  2 hornets
  4 blink frogs (Lair:5)
  2 raiju (Lair:5)
  A blink frog (shapeshifter) (D:13)
  A shadow (D:9)
  4 wyverns
  Sigmund (D:2)
  A centaur simulacrum (D:11)
  6 basilisks
  40 yaks
  3 wraiths
  Grum (D:8)
  A fire elemental (Snake:1)
  A human (D:13)
  8 vampire mosquitoes
  3 steam dragons
  Edmund (D:5)
  7 wargs
  5 redbacks
  41 nagas
  3 swamp worms (Gauntlet)
  7 acid dragons
  16 hell hounds
  6 water moccasins
  39 orc warriors
  12 black bears
  3 swamp drakes (Lair:5)
  23 wolves
  5 ogres
  4 centaurs
  A phantom (D:5)
  4 kobold brigands
  5 gnoll sergeants
  14 bullfrogs
  2 scorpions
  9 wights
  9 killer bees
  8 howler monkeys
  3 electric eels
  4 crimson imps (Gauntlet)
  5 lava snakes (D:12)
  7 hounds
  A jelly (D:5)
  30 orc priests
  4 gnoll boudas
  Jessica (D:2)
  Terence (D:2)
  4 hell rats (Lair:4)
  Natasha (thrice) (D:2)
  11 iguanas
  31 orc wizards
  Robin (D:3)
  5 adders
  35 gnolls
  A river rat (D:4)
  A white imp (D:5)
  An ufetubus (D:4)
  6 worms
  3 dart slugs
  91 orcs
  11 endoplasms
  2 giant cockroaches
  19 goblins
  6 hobgoblins
  6 jackals
  16 kobolds
  6 quokkas
  9 ball pythons
  A bat (D:2)
  2 frilled lizards
  3 rats
  A butterfly (Lair:3)
963 creatures vanquished.

Vanquished Creatures (collateral kills)
  A nagaraja (Snake:4)
  A demonspawn (Orc:2)
  A naga sharpshooter (Snake:2)
  A shock serpent (Snake:4)
  A salamander (Snake:4)
  A black mamba (Snake:2)
  4 nagas
10 creatures vanquished.

Vanquished Creatures (others)
  A wizard (D:15)
  A naga mage (Snake:3)
  10 fungi
  60 plants
72 creatures vanquished.

Grand Total: 1045 creatures vanquished

Notes
Turn   | Place    | Note
-------+----------+-------------------------------------------
     0 | D:1      | greasedhog the Gargoyle Fighter began the quest for the
                  | Orb.
     0 | D:1      | Reached XP level 1. HP: 14/14 MP: 1/1
   304 | D:1      | Reached XP level 2. HP: 19/19 MP: 2/2
   329 | D:1      | Reached skill level 1 in Dodging
   715 | D:1      | Reached XP level 3. HP: 23/23 MP: 3/3
  1351 | D:2      | Found Lien's Armour Boutique.
  1456 | D:2      | Found Jira Zute's Antique Weapon Boutique.
  1489 | D:2      | Noticed Natasha
  1495 | D:2      | Killed Natasha
  1496 | D:2      | Reached XP level 4. HP: 28/28 MP: 4/4
  1505 | D:2      | Noticed Natasha
  1526 | D:2      | Killed Natasha
  1690 | D:2      | Noticed Jessica
  1705 | D:2      | Killed Jessica
  1706 | D:2      | Reached XP level 5. HP: 27/32 MP: 5/5
  1770 | D:2      | Found Etelef's Book Shop.
  1770 | D:2      | Noticed Terence
  1771 | D:2      | Noticed Natasha
  1776 | D:2      | Killed Terence
  1784 | D:2      | Killed Natasha
  1797 | D:2      | HP: 1/32 [gnoll/+0 whip (4)]
  2172 | D:2      | Found a faded altar of an unknown god.
  2250 | D:2      | Found Junimyl's Magic Scroll Shoppe.
  2262 | D:2      | Bought a scroll of identify for 26 gold pieces
  2262 | D:2      | Bought a scroll of identify for 26 gold pieces
  2262 | D:2      | Bought a scroll of identify for 26 gold pieces
  2262 | D:2      | Identified a scroll of acquirement
  2266 | D:2      | Acquired the amulet "Cepusium" {Acrobat *Slow rF+++ Str+7
                  | Slay-3}
  2367 | D:2      | Found Votzokh's Book Shop.
  2418 | D:2      | Noticed Sigmund
  2439 | D:2      | Killed Sigmund
  2440 | D:2      | Reached XP level 6. HP: 17/37 MP: 6/6
  2690 | D:2      | Reached skill level 5 in Maces & Flails
  3003 | D:3      | Noticed Robin
  3228 | D:3      | Killed Robin
  3501 | D:3      | Found a radiant altar of Vehumet.
  3996 | D:4      | Reached XP level 7. HP: 37/41 MP: 7/7
  4106 | D:4      | Acquired a scarf of repulsion
  4407 | D:4      | You fall into a shaft and drop 3 floors!
  4413 | D:7      | Noticed a wyvern
  4426 | D:7      | Killed a wyvern
  4802 | D:7      | Noticed a steam dragon
  5325 | D:6      | Reached XP level 8. HP: 44/46 MP: 8/8
  5378 | D:6      | Reached skill level 5 in Dodging
  5389 | D:5      | Entered Level 5 of the Dungeon
  5768 | D:5      | Noticed Edmund
  6629 | D:5      | Found an opulent altar of Gozag.
  6751 | D:5      | Killed Edmund
  7019 | D:5      | Found a hazy altar of Hepliaklqana.
  7026 | D:5      | Reached skill level 5 in Fighting
  7166 | D:5      | Found a stormy altar of Qazlal.
  7174 | D:5      | Became a worshipper of Qazlal Stormbringer
  7624 | D:6      | Reached XP level 9. HP: 52/54 MP: 9/9
  7755 | D:6      | Reached skill level 5 in Armour
  7783 | D:5      | Reached * piety under Qazlal
  8214 | D:6      | Reached ** piety under Qazlal
  8307 | D:6      | Found a hide-covered altar of Uskayaw.
  8688 | D:7      | Reached skill level 5 in Shields
  8706 | D:7      | Found a basalt altar of Yredelemnul.
  8791 | D:7      | Found a shadowy altar of Dithmenos.
  8863 | D:7      | Found a sparkling altar of Nemelex Xobeh.
  8939 | D:7      | Found a staircase to the Ecumenical Temple.
  9040 | Temple   | Entered the Ecumenical Temple
  9160 | D:8      | Reached skill level 10 in Maces & Flails
  9160 | D:8      | Reached XP level 10. HP: 57/59 MP: 10/10
  9321 | D:8      | Noticed Grum
  9582 | D:8      | Killed Grum
  9726 | D:8      | Found a staircase to the Lair.
  9753 | D:8      | Found a transporter.
  9761 | D:8      | Found a transporter.
  9761 | D:8      | Noticed RascalDebosk's ghost (novice HOFi)
  9765 | D:8      | Identified the +9 dire flail "Ymeos" {pain, rPois rC+
                  | Stlth+}
  9983 | D:8      | Found an iron altar of Okawaru.
 10167 | D:9      | Noticed a two-headed ogre
 10427 | D:8      | Killed a two-headed ogre
 10728 | D:9      | Reached *** piety under Qazlal
 10746 | D:9      | Found a white marble altar of Elyvilon.
 10774 | D:9      | Reached XP level 11. HP: 50/64 MP: 11/11
 11585 | D:10     | Entered Level 10 of the Dungeon
 11592 | D:10     | Reached skill level 1 in Invocations
 11633 | D:9      | Reached skill level 2 in Invocations
 11680 | D:9      | Reached skill level 10 in Shields
 11795 | D:10     | Reached skill level 3 in Invocations
 11841 | D:10     | Noticed a two-headed ogre
 11854 | D:10     | Killed a two-headed ogre
 11861 | D:10     | Reached skill level 4 in Invocations
 11896 | D:10     | Noticed a two-headed ogre
 11897 | D:10     | a two-headed ogre changed into a redback
 12008 | D:10     | Found a blossoming altar of Fedhas.
 12461 | D:11     | Noticed a two-headed ogre
 12476 | D:11     | Killed a two-headed ogre
 12517 | D:11     | Reached skill level 5 in Invocations
 13333 | D:10     | Reached skill level 6 in Invocations
 13642 | D:11     | Noticed a manticore
 13655 | D:11     | Killed a manticore
 13683 | D:11     | Noticed a two-headed ogre
 13708 | D:11     | Killed a two-headed ogre
 13709 | D:11     | Reached XP level 12. HP: 61/68 MP: 10/17
 13837 | D:11     | Found a staircase to the Orcish Mines.
 13856 | D:11     | Reached **** piety under Qazlal
 13893 | D:11     | Noticed a two-headed ogre
 13901 | D:11     | Killed a two-headed ogre
 13902 | D:11     | Reached skill level 7 in Invocations
 13985 | D:11     | Noticed a centaur warrior
 14002 | D:11     | Killed a centaur warrior
 14036 | D:11     | Reached skill level 8 in Invocations
 14199 | D:11     | Noticed a tengu warrior
 14217 | D:11     | Killed a tengu warrior
 14326 | Orc:1    | Entered Level 1 of the Orcish Mines
 14326 | Orc:1    | Noticed an ettin
 14339 | Orc:1    | Killed an ettin
 14883 | Orc:2    | Entered Level 2 of the Orcish Mines
 14902 | Orc:2    | Noticed Maurice
 15044 | Orc:1    | Reached skill level 9 in Invocations
 15074 | Orc:2    | Found Giasol's Goods Gallery.
 15078 | Orc:2    | Found a staircase to the Elven Halls.
 15089 | Orc:2    | Killed Maurice
 15907 | Orc:2    | Noticed an orc warlord
 16328 | Orc:1    | Killed an orc warlord
 16703 | Orc:2    | Reached skill level 10 in Invocations
 16769 | Orc:2    | Found Hiner's General Store.
 16770 | Orc:2    | Noticed a soul eater
 16771 | Orc:2    | Found Ithut's General Store.
 16807 | Orc:2    | Killed a soul eater
 16999 | Orc:2    | Reached XP level 13. HP: 62/74 MP: 20/20
 17289 | Orc:2    | Bought a scroll of magic mapping for 82 gold pieces
 17289 | Orc:2    | Bought a potion of invisibility for 88 gold pieces
 17289 | Orc:2    | Bought a scroll of identify for 22 gold pieces
 17542 | Orc:2    | Reached skill level 11 in Invocations
 18706 | Orc:2    | Reached skill level 12 in Invocations
 18938 | Orc:2    | Found Onemeckaete's Book Boutique.
 18938 | Orc:2    | Found Wetabir's Antique Weapon Shop.
 18939 | Orc:2    | Found a one-way gate leading to the halls of Pandemonium.
 19847 | Orc:1    | Found Giac's Antique Armour Shop.
 19935 | Orc:1    | Bought an ichor-stained chain mail for 275 gold pieces
 19935 | Orc:1    | Identified the +1 chain mail of Bedevilment {Will- Int+7}
                  | (You bought it in a shop on level 1 of the Orcish Mines)
 19935 | Orc:1    | Bought a pair of transparent boots for 275 gold pieces
 19935 | Orc:1    | Identified the +0 pair of boots of the Guild-Master {-Tele
                  | Regen+ Str-4 Int+8} (You bought it in a shop on level 1 of
                  | the Orcish Mines)
 20298 | Lair:1   | Entered Level 1 of the Lair of Beasts
 20642 | Lair:1   | Reached skill level 1 in Evocations
 20845 | Lair:1   | Reached skill level 10 in Fighting
 21443 | Lair:2   | Identified the +8 great mace "Huisau Opil" {drain, rElec}
 21448 | Lair:2   | Identified the +4 scimitar "Gusmus" {drain, Contam Dex+6
                  | SInv}
 21589 | Lair:2   | Gained mutation: Your large and strong wings let you fly.
                  | [Gargoyle growth]
 21589 | Lair:2   | Reached XP level 14. HP: 37/88 MP: 23/23
 22452 | Lair:2   | You are sucked into a shaft and drop 1 floor!
 22781 | Lair:3   | Acquired 618 gold pieces
 22783 | Lair:3   | Acquired a +1 demon whip of freezing
 22818 | Lair:3   | Found a staircase to the Snake Pit.
 23165 | Lair:3   | Found a staircase to the Swamp.
 23818 | D:2      | Bought a scroll of fog for 52 gold pieces
 23818 | D:2      | Bought a scroll of teleportation for 39 gold pieces
 23818 | D:2      | Bought a scroll of enchant weapon for 97 gold pieces
 23818 | D:2      | Bought a scroll of teleportation for 39 gold pieces
 23818 | D:2      | Bought a scroll of teleportation for 39 gold pieces
 24029 | Lair:4   | Reached skill level 5 in Evocations
 24188 | Lair:4   | Found a viscous altar of Jiyva.
 24364 | Lair:4   | Found a staircase to the Slime Pits.
 25132 | Lair:5   | Entered Level 5 of the Lair of Beasts
 25190 | Lair:5   | Found a gate leading to a gauntlet.
 25197 | Gauntlet | Entered a Gauntlet
 25197 | Gauntlet | Found a transporter.
 25197 | Gauntlet | Found a transporter.
 25218 | Gauntlet | Found a transporter.
 25222 | Gauntlet | Found a transporter.
 25232 | Gauntlet | Found a transporter.
 25234 | Gauntlet | Found a transporter.
 25248 | Gauntlet | Found a transporter.
 25265 | Gauntlet | Found a transporter.
 25280 | Gauntlet | Found a transporter.
 25283 | Gauntlet | Found a transporter.
 25294 | Gauntlet | Found a transporter.
 25294 | Gauntlet | Found a transporter.
 25459 | Gauntlet | Reached skill level 10 in Armour
 25636 | Gauntlet | Got the Volume of Hypothermia
 26426 | Lair:5   | Reached XP level 15. HP: 92/92 MP: 24/24
 26440 | Lair:5   | Noticed Nessos
 26461 | Lair:5   | Killed Nessos
 27533 | Lair:5   | Reached ***** piety under Qazlal
 27721 | Lair:5   | Got Jeasozup's Meditations on Transmigration and Blight
 27759 | Lair:5   | Found the +14 obsidian axe {vorpal, Mesm Drain Fly SInv}
 28678 | D:12     | Reached skill level 10 in Evocations
 28764 | D:12     | Learned a level 2 spell: Blink
 29232 | D:13     | Reached skill level 13 in Invocations
 29480 | D:13     | Found a gate to the Vaults.
 29506 | D:13     | Reached XP level 16. HP: 62/97 MP: 26/26
 29713 | D:13     | Identified the +4 whip of the Egg {speed, Fragile rF+ rN+}
 30055 | D:14     | Reached ****** piety under Qazlal
 30171 | D:14     | Reached skill level 14 in Invocations
 31185 | D:15     | Entered Level 15 of the Dungeon
 31340 | D:15     | Found a staircase to the Depths.
 31505 | D:15     | Reached skill level 10 in Dodging
 32073 | Snake:1  | Entered Level 1 of the Snake Pit
 32073 | Snake:1  | Noticed Azrael
 32086 | Lair:3   | Killed Azrael
 32156 | Snake:1  | Reached skill level 15 in Invocations
 33919 | Snake:2  | Reached XP level 17. HP: 89/106 MP: 28/28
 33953 | Snake:2  | Reached skill level 16 in Invocations
 34568 | Snake:2  | Found Hufeh's General Store.
 34575 | Snake:2  | Bought a scroll of identify for 34 gold pieces
 34575 | Snake:2  | Bought 2 potions of haste for 340 gold pieces
 34575 | Snake:2  | Found Laaluv's Antique Weapon Shoppe.
 35344 | Snake:3  | Found Qunon's Jewellery Boutique.
 35346 | Snake:3  | Found Agreess's Distillery.
 35350 | Snake:3  | Bought the ring of Nac Ymit {Will+ Str+5 SInv Stlth+} for
                  | 544 gold pieces
 35360 | Snake:3  | Bought a potion of heal wounds for 80 gold pieces
 35360 | Snake:3  | Bought a potion of might for 64 gold pieces
 35360 | Snake:3  | Bought a potion of haste for 160 gold pieces
 35360 | Snake:3  | Bought a potion of curing for 48 gold pieces
 35468 | Snake:3  | Reached skill level 17 in Invocations
 36130 | Snake:3  | Identified the +0 robe "Avvalloj" {rPois}
 36408 | Snake:3  | Got the Tome of the Geologist
 36564 | Snake:4  | Entered Level 4 of the Snake Pit
 37109 | Snake:4  | Reached skill level 18 in Invocations
 37114 | Snake:4  | Reached XP level 18. HP: 63/117 MP: 25/31
 37413 | Snake:4  | HP: 5/118 [nagaraja/+0 whip (30)]
 37419 | Snake:3  | Demolished by a nagaraja

Illustrated notes

Levels and vault maps discovered:
D:1:      dpeg_arrival_simpleton_c, layout_basic, minmay_pentomino_q4
D:2:      layout_loops_ring, serial_shops, shop, shop, shop, shop, shop,
          shapermc_ecumenical_altar_starsandcircs, uniq_natasha, uniq_sigmund,
          uniq_jessica, uniq_terence
D:3:      layout_loops_cross, nicolae_overflow_crystal_walls, serial_rivers,
          chequers_serial_rivers_micro_c, chequers_serial_rivers_small_3,
          chequers_serial_rivers_micro_b, chequers_serial_rivers_large_b,
          chequers_serial_rivers_small_a, chequers_serial_rivers_micro_b,
          nicolae_wormholes, uniq_robin
D:4:      layout_loops_cross, gup_sewer_entry_bowl
D:5:      layout_rooms, lemuel_coloured_pillars_altar,
          nicolae_hepliaklqana_hazy_memory, marbit_many_paths,
          kennysheep_generic_room_4, uniq_edmund
D:6:      layout_cave_pools, kennysheep_mini, serial_gnoll_camp,
          gnoll_camp_medium_02, gnoll_camp_mini_loothouse, gnoll_camp_mini_hut,
          gnoll_camp_huts_moat
D:7:      layout_rooms, mainiacjoe_overflow_catch_the_wave,
          nicolae_dithmenos_through_a_glass_darkly, minmay_temple_entry_poolview
D:8:      minmay_klotski, layout_loops_ring, lemuel_tele_altar,
          dpeg_oklobed_lair, gammafunk_ghost_smash, hex_large, uniq_grum
D:9:      layout_big_octagon, mainiacjoe_overflow_boulevard,
          minmay_joined_circles
D:10:     layout_long_grid, mainiacjoe_overflow_small_starburst
D:11:     layout_rooms, minmay_orc_entry_temple_small, minmay_shattered_shrine
D:12:     cheibrodos_magma_flow, layout_loops_ring
D:13:     layout_rooms, grunt_vaults_entry_fortified, glass_columns_a
D:14:     layout_layer_cave, minivault_11, lemuel_flamethrower_3
D:15:     hangedman_depths_entry_civil_slaughter, layout_loops_ring
Temple:   grunt_temple_mini_profane
Lair:1:   layout_long_grid, grunt_megastairs_5
Lair:2:   layout_regular_city, infiniplex_staircase_pool_2
Lair:3:   layout_regular_city, minmay_swamp_entry_reptiles,
          guppyfry_snake_entry_island, lemuel_fruit_fields, lemuel_fruit_fields
Lair:4:   layout_cave_pods, minmay_slime_entry_oklob_enclosed
Lair:5:   guppyfry_lair_end_dragon, layout_small_grid,
          hangedman_lair_caniforms_friends, gauntlet_entry_generic, uniq_nessos
Snake:1:  layout_layer_cave, uniq_azrael
Snake:2:  layout_rooms, grunt_megastairs_4, minmay_shoptagon,
          serial_bayou_shore_b
Snake:3:  minmay_snake_river, layout_gridlike, serial_curves, eino_curves_01,
          eino_curves_03, eino_curves_02, nicolae_wooded_promenade,
          serial_bayou_shore_b
Snake:4:  grunt_snake_rune_pools, layout_cave_town,
          ebering_ghost_reflecting_pool
Orc:1:    layout_caves, serial_shops, nicolae_shop_waterfront
Orc:2:    pf_orc_diabolical, layout_diamond_mine, nicolae_alphabet_shops,
          uniq_maurice

Skill      XL: |  1  2  3  4  5  6  7  8  9 10 11 12 13 14 15 16 17 |
---------------+----------------------------------------------------+-----
Dodging        | 1 2 3 4 5 8 10 | 10.0
Maces & Flails | 3 4 5 6 8 10 11 12 | 12.0
Fighting       | 5 6 10 11 14 | 14.9
Armour         | 4 6 10 | 10.7
Shields        | 5 9 11 13 | 13.6
Invocations    | 6 10 12 13 15 18 | 18.2
Evocations     | 2 7 10 | 10.0

Action                   |  1- 3 |  4- 6 |  7- 9 | 10-12 | 13-15 | 16-18 || total
-------------------------+-------+-------+-------+-------+-------+-------++-------
Melee: Flail             |    98 |   239 |   364 |   835 |   482 |       ||  2018
       Hand axe          |       |       |   232 |       |       |       ||   232
       Unarmed           |       |       |     5 |       |       |       ||     5
       Demon whip        |       |       |       |       |   881 |   971 ||  1852
Throw: Throwing net      |       |       |     4 |     9 |       |       ||    13
Invok: Upheaval          |       |       |       |    12 |    25 |     6 ||    43
       Elemental Force   |       |       |       |     1 |       |     3 ||     4
Evoke: Wand              |       |       |       |    11 |     8 |       ||    19
  Use: Scroll            |     4 |     7 |     5 |    12 |    14 |     3 ||    45
       Potion            |       |     3 |     4 |     4 |     2 |     2 ||    15
 Stab: Held in net/web   |       |       |     1 |       |       |       ||     1
       Paralysed         |       |       |       |     3 |       |     3 ||     6
Armor: Scale mail        |    51 |   150 |   354 |   456 |   515 |   241 ||  1767
Dodge: Dodged            |    37 |   198 |   461 |   425 |   481 |   340 ||  1942
       Repelled          |       |       |    12 |     2 |    10 |    33 ||    57
Block: Buckler           |    21 |    63 |   135 |       |       |       ||   219
       Kite shield       |       |       |    47 |   873 |  1082 |   928 ||  2930
       Reflection        |       |       |       |       |       |    28 ||    28
